 Dungeon Crawl Stone Soup version 0.28-a0-1235-g7c8fac35f0 (webtiles) character file.

Game seed: 2787007604887102934

46 a11behringer the Shield-Bearer (level 3, -3/30 HPs)
             Began as a Formicid Fighter on Dec 25, 2021.
             Slain by a gnoll (5 damage)
             ... on level 2 of the Dungeon.
             The game lasted 00:02:30 (1293 turns).

a11behringer the Shield-Bearer (Formicid Fighter)   Turns: 1293, Time: 00:02:30

Health: -3/30      AC:  8    Str: 22    XL:     3   Next: 95%
Magic:  3/3        EV:  9    Int:  7    God:
Gold:   35         SH:  4    Dex: 10    Spells: 2/2 levels left

rFire   . . .      SeeInvis +   a - +0 flail
rCold   . . .      Faith    .   c - +0 buckler
rNeg    . . .      Spirit   .   b - +0 scale mail
rPois   .          Reflect  .   (helmet unavailable)
rElec   .          Harm     .   (no cloak)
rCorr   .          Rampage  .   (no gloves)
Will    .....                   j - +0 pair of boots
Stlth   ..........              (no amulet)
HPRegen 0.10/turn               (no ring)
MPRegen 0.08/turn               (no ring)

@: no status effects
A: permanent stasis, dig shafts and tunnels, antennae 3, four strong arms
a: Dig, Shaft Self


You were on level 2 of the Dungeon.
You visited 1 branch of the dungeon, and saw 2 of its levels.

You collected 35 gold pieces.

Inventory:

Hand Weapons
 a - a +0 flail (weapon)
 e - a +0 hunting sling
Armour
 b - a +0 scale mail (worn)
 c - a +0 buckler (worn)
 j - a +0 pair of boots (worn)
Jewellery
 n - a +4 ring of protection
Scrolls
 g - a scroll of fog {unknown}
 h - 2 scrolls of enchant armour {unknown}
 i - a scroll of amnesia {unknown}
 l - a scroll of vulnerability {unknown}
 m - a scroll of enchant weapon {unknown}
Potions
 d - a potion of might
 f - a potion of ambrosia {unknown}
 k - a potion of mutation {unknown}


   Skills:
 + Level 3.7 Fighting
 * Level 3.0 Maces & Flails
 + Level 3.6 Armour
 + Level 0.2 Dodging
 + Level 3.9 Shields


You had 2 spell levels left.
You didn't know any spells.
Your spell library was empty.

Dungeon Overview and Level Annotations

Branches:
Dungeon (2/15)

Altars:


Innate Abilities, Weirdness & Mutations

You cannot be hasted, slowed, berserked, paralysed or teleported.
You can dig through walls and to a lower floor.
You have a pair of large antennae on your head. (SInv)
Your four strong arms can wield two-handed weapons with a shield.


Message History

You kill the jackal!
You block the jackal's attack.
You barely miss the jackal. The jackal barely misses you.
You sock the jackal!
You kill the jackal!
Your Maces & Flails skill increases to level 3!
No target in view!
You sense a monster nearby.
No target in view!
No target in view!
You sense a monster nearby.
No target in view! 2 gnolls come into view.
The gnoll shouts!
You hear a shout!
The gnoll barely misses you.
A gnoll comes into view. It is wielding a +0 whip.
A gnoll comes into view. It is wielding a +0 flail.
You barely miss the gnoll. You block the gnoll's attack.
The gnoll hits you but does no damage. You block the gnoll's attack.
You closely miss the gnoll.
The gnoll hits you but does no damage. x2
You barely miss the gnoll.
The gnoll hits you from afar with a +0 spear.
The gnoll closely misses you.
You hit the gnoll but do no damage.
The gnoll hits you from afar with a +0 spear.
You block the gnoll's attack.
The gnoll hits you from afar with a +0 spear.
You block the gnoll's attack.
You closely miss the gnoll. The gnoll closely misses you. x2
The gnoll hits you from afar with a +0 spear.
You block the gnoll's attack. x2
You hit the gnoll but do no damage. The gnoll barely misses you.
The gnoll hits you from afar with a +0 spear.
The gnoll hits you with a +0 whip. The gnoll misses you.
You hit the gnoll but do no damage. The gnoll hits you with a +0 flail!
* * * LOW HITPOINT WARNING * * *
The gnoll hits you from afar with a +0 spear.
* * * LOW HITPOINT WARNING * * *
The gnoll hits you with a +0 whip.
You die...

#.....[..####
#..#..#.......
#..#.<..######
#............
###......#####
#........# #
#.##...g.# ...
... #g#...#
###..#####g@g..#
......†).......#
......###...#..#
..... #.........
.... #########..
#.. . .. #


You could see 4 gnolls.

Vanquished Creatures
  An adder (D:2)
  5 ball pythons (D:1)
  2 endoplasms (D:2)
  2 goblins (D:1)
  4 hobgoblins (D:1)
  4 jackals (D:2)
  3 kobolds
  4 quokkas (D:1)
  2 bats (D:1)
  2 frilled lizards (D:1)
  7 rats (D:1)
36 creatures vanquished.

Notes
Turn   | Place    | Note
-------+----------+-------------------------------------------
     0 | D:1      | a11behringer the Formicid Fighter began the quest for the
                  | Orb.
     0 | D:1      | Reached XP level 1. HP: 18/18 MP: 1/1
   169 | D:1      | Reached XP level 2. HP: 22/24 MP: 2/2
   617 | D:1      | Reached XP level 3. HP: 27/29 MP: 3/3
  1293 | D:2      | Slain by a gnoll

Illustrated notes

Levels and vault maps discovered:
D:1:      dpeg_arrival_shrine, layout_loops_corners
D:2:      layout_basic, shapermc_ecumenical_altar_acropolis, minmay_cut_off

Skill      XL: |  1  2  3 |
---------------+----------+-----
Maces & Flails | 3 |  3.0
Fighting       | |  3.7
Armour         | |  3.6
Dodging        | |  0.2
Shields        | |  3.9

Action                   || total
-------------------------++-------
Melee: Flail             ||   102
Armor: Scale mail        ||    45
Dodge: Dodged            ||    45
Block: Buckler           ||    24

Table legend: (Time is in decaauts)
 A = Elapsed time spent in this place.
 B = Non-inter-level travel time spent in this place.
 C = Inter-level travel time spent in this place.
 D = Time resting spent in this place.
 E = Time spent auto-exploring this place.
 F = Levels seen in this place.
 G = Mean time per level.
                   A        B        C        D        E       F      G
               +--------+--------+--------+--------+--------+-----+--------+
         Total |   1321 |   1222 |     99 |      0 |    981 |   2 |  660.5 |
       Dungeon |   1321 |   1222 |     99 |      0 |    981 |   2 |  660.5 |
               +--------+--------+--------+--------+--------+-----+--------+

Top non-repeatable levels by time:
     D:1: 1168 daAuts
     D:2: 153 daAuts
